Description

Could be an all-in/cheese or macro out like Scarlett did.Proxy the Terran. Spread creep backward so you can see everything. Make Terran cry.

Build Order

Get SALT Encoding   

  12  0:00  Drone  
  13  0:12  Overlord  
  13  0:16  Drone  
  14  0:30  Drone x2  
  16  0:38  Drone  
  17  0:52  Hatchery  
  17  0:55  Drone x2  
  18  1:09  Extractor  
  17  1:13  Spawning Pool  
  17  1:16  Drone x2  
  18  1:28  Drone  
  21  1:55  Extractor  
  21  1:59  Queen x2  
  22  2:02  Roach Warren  
  26  2:21  Overlord  
  26  2:41  Roach x3  
  26  2:43  Overlord  
  32  2:45  Queen  
  34  2:56  Roach  
  36  3:03  Ravager x3  
  40  3:14  Overlord  
  40  3:21  Ravager  
  40  3:26  Hatchery  
  40  3:33  Roach  
  48  3:56  Ravager  
  48  4:00  Overlord  
  49  4:14  Queen  
  60  4:48  Spore Crawler  
  63  5:01  Roach x2  
  67  5:13  Queen  
  70  5:18  Lair  
  70  5:23  Ravager x2  
  70  5:27  Spore Crawler x2  
  76  5:45  Metabolic Boost  
  76  5:47  Extractor x2  
  74  5:53  Hatchery  
  73  6:02  Evolution Chamber x2  
  76  6:18  Zergling x6  
  80  6:21  Glial Reconstitution  
  80  6:31  Zerg Missile Weapons Level 1, Zerg Ground Armor Level 1  
  89  6:50  Baneling Nest  
  93  7:04  Roach x3  
  112  7:23  Infestation Pit  
  114  7:35  Centrifugal Hooks  
  121  7:48  Hatchery  
  120  7:56  Ravager  
  129  8:04  Extractor x2  
  132  8:11  Hive  
  136  8:16  Zergling x14  
  144  8:28  Zerg Ground Armor Level 2, Zerg Melee Weapons Level 1  
  144  8:36  Hatchery  
  148  9:23  Spore Crawler, Extractor x2  
  160  9:25  Viper x2  
  160  9:28  Ultralisk Cavern  
  176  10:02  Adrenal Glands  
  176  10:13  Spine Crawler x2  
  176  10:23  Chitinous Plating  
  178  10:30  Spore Crawler x3  
  175  10:38  Ultralisk x4  
  198  10:57  Zerg Melee Weapons Level 2  
  198  10:58  Zerg Ground Armor Level 3  
  198  11:00  Ravager  
  198  11:01  Baneling x10  
  193  11:25  Hatchery  
  200  11:42  Anabolic Synthesis  
  192  12:07  Ultralisk x3  
  188  12:17  Viper x3  
  188  12:22  Spire x2  
  154  12:54  Ultralisk x2  
  154  12:55  Overseer x2, Pneumatized Carapace  
  173  13:04  Overseer  
  199  20:00  Aberration  
Spawning Tool Build Advisor. Get it on Overwolf

Analysis

Try to keep Terran contained as long as possible if you cannot breakthrough. Overlords for high-ground vision when trying to break into main is a must. If there's a tank too far back to bile. don't throw your army into it (usually). Make sure you can macro behind this or risk putting yourself all in. Spread creep backward towards your base.

Go to:

Details

  • Created by: IIEleven11
  • Published on: Mar 02, 2022
  • Modified on: Mar 02, 2022
  • Patch: 4.11.0
  • Difficulty: Hard
Show
View Real Time Build Order
Export as new Build Order

Comments (0)

There are no comments. Be the first!

Create an account to comment!